 Dungeon Crawl Stone Soup version 0.14-a0-1576-gf4c5cb9 (webtiles) character file.

176 Piginabag the Magician (level 4, -1/27 HPs)
             Began as an Octopode Wizard on Dec 21, 2013.
             Slain by an adder (5 damage)
             ... on Level 2 of the Dungeon.
             The game lasted 00:07:53 (2702 turns).

Piginabag the Magician (Octopode Wizard)            Turns: 2702, Time: 00:07:54

HP  -1/27        AC  1     Str  7      XL: 4   Next: 27%
MP   1/10        EV 12     Int 20      God:
Gold 103         SH  0     Dex 10      Spells:  3 memorised,  3 levels left

rFire  . . .     SeeInvis +     g - -4,-2 orc dagger (curse)
rCold  . . .     Clarity  .     (no shield)
rNeg   . . .     Conserve .     b - +0 wizard hat
rPois  .         rCorr    .     (no amulet)
rElec  .         rRot     .     f - ring of see invisible
SustAb . .       Spirit   .     (no ring)
rMut   .         Warding  .     (no ring)
Saprov . . .     Stasis   .     (no ring)
                                (no ring)
                                (no ring)
                                (no ring)
                                (no ring)

@: mildly poisoned, very slightly contaminated, slightly resistant to hostile
enchantments, quite stealthy
A: almost no armour, amphibious, 8 rings, constrict 8, camouflage 1, gelatinous
body 1
a: no special abilities


You were on level 2 of the Dungeon.
You were not hungry.

You visited 1 branch of the dungeon, and saw 2 of its levels.

You collected 103 gold pieces.

Inventory:

Hand weapons
 g - a cursed -4,-2 orcish dagger (weapon)
 k - a +2,+0 spear of dragon slaying
Armour
 b - a +0 wizard hat (worn)
Comestibles
 d - 2 bread rations
Scrolls
 i - 2 scrolls of blinking
Jewellery
 f - a ring of see invisible (left tentacle)
Potions
 a - 2 potions of curing {unknown}
 e - a potion of confusion
 h - 3 potions of poison {unknown}
 j - a potion of speed {unknown}
Books
 c - a book of Minor Magic

   Spells                             Type                      Level
   *Magic Dart                        Conjuration                  1
   Blink                              Translocation                2
   Call Imp                           Summoning                    2
   Repel Missiles                     Charms/Air                   2
   Slow                               Hexes                        2
   *Conjure Flame                     Conjuration/Fire             3
   *Mephitic Cloud                    Conjuration/Poison/Air       3


   Skills:
 + Level 2.5 Dodging
 + Level 3.3 Stealth
 + Level 3.7 Spellcasting
 + Level 2.2 Conjurations
   Level 1.0 Summonings
   Level 1.0 Translocations


You had 3 spell levels left.
You knew the following spells:

 Your Spells              Type           Power        Failure   Level  Hunger
a - Magic Dart            Conj           ##..         6%          1    None
b - Mephitic Cloud        Conj/Pois/Air  #.......     30%         3    ###....
c - Conjure Flame         Conj/Fire      #.......     24%         3    ###....


Dungeon Overview and Level Annotations

Branches:
Dungeon (2/16)

Altars:


Innate Abilities, Weirdness & Mutations

You cannot wear most types of armour.
You are amphibious.
You can wear up to eight rings at the same time.
You can use your tentacles to constrict many enemies at once.
Your skin changes colour to match your surroundings (Stlth).
Your rubbery body absorbs attacks (AC +1).


Message History

The adder is almost dead.
The adder bites you.
* * * LOW HITPOINT WARNING * * *
You miss the adder. Your grab misses the adder.
The adder is severely wounded.
The adder bites you.
* * * LOW HITPOINT WARNING * * *
The adder closely misses you.
You closely miss the adder. Your grab misses the adder.
The adder is severely wounded.
The adder closely misses you.
You closely miss the adder. Your grab misses the adder.
The adder is severely wounded.
The adder bites you.
* * * LOW HITPOINT WARNING * * *
You miss the adder. Your grab misses the adder. Your squeeze misses the adder.
The adder is severely wounded.
* * * LOW HITPOINT WARNING * * *
You feel sick. The adder closely misses you. The adder bites you.
You die...

#..........#########......# #.#..
......####......# #.########.#.#
###...# #(####.# #..........#.#
......####.####.# #..........#..
########......#.# #.##.##....#.#
..# #....(.#.####.#8.8#...####
#.######......#..................
#......'......######.#8.8#.......
########[.....#.@....##.##.......
####.. +......#S######..#........
...#.# #......#. #..............
##.#.###..(...#.###......##...###
#.............#.....#.....#......
#.........#+#######............##
#........[#.#######...#..........
#.........#........%.<#.#..#.....
#......)..#...........#...(#...##


You could see an adder.

Vanquished Creatures
  2 adders (D:2)
  A giant gecko (D:1)
  4 giant cockroaches
  5 goblins
  5 hobgoblins
  13 kobolds
  2 quokkas (D:2)
  2 ball pythons
  6 bats
  A giant newt (D:1)
  10 rats
51 creatures vanquished.

Notes
Turn   | Place    | Note
--------------------------------------------------------------
     0 | D:1      | Piginabag, the Octopode Wizard, began the quest for the Orb.
     0 | D:1      | Reached XP level 1. HP: 11/11 MP: 4/4
   162 | D:1      | Reached XP level 2. HP: 3/17 MP: 1/6
   936 | D:1      | Reached XP level 3. HP: 21/21 MP: 4/8
  1421 | D:1      | Learned a level 3 spell: Mephitic Cloud
  1425 | D:1      | Learned a level 3 spell: Conjure Flame
  2415 | D:2      | Reached XP level 4. HP: 27/27 MP: 5/10
  2702 | D:2      | Slain by an adder

Action                   |  1- 3 |  4- 6 || total
-------------------------+-------+-------++-------
Melee: Unarmed           |    14 |       ||    14
       Dagger            |    10 |     6 ||    16
 Cast: Magic Dart        |    99 |    27 ||   126
  Use: Scroll            |     5 |       ||     5
 Stab: Sleeping          |     1 |       ||     1
